AoeStats
← Yassaruda

Golden Pit

507989014Analyzed
1v1 RM · 12d ago on Sep 20, 2026· 37m 1s· 2 players
Game mode
Random Map
Map size
Tiny (2 player)
Population
200
Speed
Normal
Resources
Standard
Victory
Conquest
Starting age
Dark Age
Ending age
Imperial Age
RankedLock teamsTeams togetherTeam positionsShared explorationLock speedFull tech treeHidden civsTurbo modeCheats
Victory
Defeat
🇨🇦 Franks · Canada
148
+15
🇫🇷 Cumans · France
134
-15
Yassaruda
0:31 Loom
11:34 Feudal Age
13:11 Town Watch
15:24 Horse Collar
16:52 Double-Bit Axe
25:08 Castle Age
23:56 Scale Barding Armor
25:26 Wheelbarrow
25:45 Capped Ram
26:44 Padded Archer Armor
26:35 Fletching
27:28 Town Patrol
FortifiedChicken
12:31 Feudal Age
13:15 Double-Bit Axe
14:19 Loom
15:32 Double-Bit Axe
15:58 Town Watch
18:58 Castle Age
18:04 Wheelbarrow
17:20 Town Watch
18:10 Wheelbarrow
17:37 Stone Mining
17:47 Gold Mining
17:55 Fletching
18:10 Town Watch
20:30 Wheelbarrow
20:07 Bodkin Arrow
20:30 Fervor
20:59 Gold Shaft Mining
20:38 Bow Saw
24:53 Herbal Medicine
25:23 Hand Cart
27:10 Bodkin Arrow
28:38 Scale Mail Armor
28:57 Forging
30:55 Iron Casting
30:21 Scale Mail Armor
30:45 Town Patrol
32:33 #83
33:12 Chain Mail Armor
37:44 Imperial Age
35:36 Ballistics
35:12 Murder Holes
35:28 Masonry
35:28 Fortified Wall
35:09 Guard Tower
Connection lost

Rejoining the realm…

Still unreachable

The connection could not be restored.

Session expired

The server has moved on; the page needs a fresh start.